 Dungeon Crawl Stone Soup version 0.27-a0-789-g6bb3289e1e (webtiles) character file.

Game seed: 838596475445219144

137 leviel the Skirmisher (level 5, -3/33 HPs)
             Began as a Gargoyle Monk on Mar 26, 2021.
             Killed by divine providence
             ... invoked by an orc priest
              (8 damage)
             ... on level 3 of the Dungeon.
             The game lasted 00:05:12 (3918 turns).

leviel the Skirmisher (Gargoyle Monk)               Turns: 3918, Time: 00:05:12

Health: -3/33      AC: 13    Str: 15    XL:     5   Next: 20%
Magic:  5/5        EV:  9    Int: 11    God:
Gold:   113        SH:  3    Dex: 12    Spells: 4/4 levels left

rFire    + . .     SeeInvis .   a - +0 falchion
rCold    . . .     Faith    .   j - +0 buckler
rNeg     + . .     Spirit   .   c - +3 scale mail {rF+}
rPois    ∞         Reflect  .   (no helmet)
rElec    +         Harm     .   (no cloak)
rCorr    .         Rampage  .   (no gloves)
Will     .....                  (no boots)
Stlth    +.........             (no amulet)
HPRegen  0.11/turn              (no ring)
MPRegen  0.09/turn              (no ring)

@: no status effects
A: AC +4, negative energy resistance 1, electricity resistance, torment
resistance 1, unbreathing 1, petrification resistance
a: no special abilities


You were on level 3 of the Dungeon.
You visited 1 branch of the dungeon, and saw 3 of its levels.

You collected 113 gold pieces.

Inventory:

Hand Weapons
 a - a +0 falchion (weapon)
Armour
 c - a +3 scale mail of fire resistance (worn)
 j - a +0 buckler (worn)
Scrolls
 d - a scroll of vulnerability {unknown}
 e - a scroll of immolation {unknown}
 g - a scroll of acquirement {unknown}
 n - a scroll of identify
Potions
 h - a potion of brilliance {unknown}
 i - 2 potions of flight {unknown}
 k - a potion of heal wounds {unknown}
 l - a potion of cancellation {unknown}
 m - a potion of mutation {unknown}


   Skills:
 + Level 4.0 Fighting
 + Level 3.8 Long Blades
 + Level 1.6 Armour
 + Level 3.0 Dodging
 - Level 2.7 Stealth
 + Level 0.4 Shields


You had 4 spell levels left.
You didn't know any spells.
Your spell library contained the following spells:

 Spells                   Type           Power      Damage    Failure   Level
 Animate Skeleton         Necr           0%         N/A       92%         1
 Pain                     Necr           0%         1d4       92%         1
 Vampiric Draining        Necr           0%         2d6       100%        3
 Animate Dead             Necr           0%         N/A       100%        4
 Agony                    Necr           0%         N/A       100%        5


Dungeon Overview and Level Annotations

Branches:
Dungeon (3/15)

Altars:
Elyvilon
Wu Jian
Zin

Shops:
D:1 [


Innate Abilities, Weirdness & Mutations

Your stone body is resilient. (AC +4)
You are immune to poison.
You resist negative energy. (rN+)
You are resistant to electric shocks. (rElec)
You are resistant to unholy torment.
You can survive without breathing.
You are immune to petrification.


Message History

The orc priest is moderately wounded.
The orc hits you with a +0 mace.
* * * LOW HITPOINT WARNING * * *
The orc priest barely misses you.
You riposte.
You closely miss the orc priest.
The orc priest is moderately wounded.
The orc completely misses you.
You riposte.
You hit the orc.
The orc is severely wounded.
You feel better.
You hit the orc priest but do no damage.
The orc priest is moderately wounded.
The orc priest barely misses you. The orc hits you but does no damage. x2
You hit the orc priest.
The orc priest is heavily wounded.
The orc priest hits you with a +0 falchion.
* * * LOW HITPOINT WARNING * * *
You block the orc's attack. The orc closely misses you.
You barely miss the orc priest.
The orc priest is heavily wounded.
Okay, then.
You start resting.
Your extra speed is starting to run out.
You start resting.
An orc is nearby!
You completely miss the orc.
The orc is severely wounded.
You closely miss the orc.
The orc is severely wounded.
You block the orc's attack.
You hit the orc.
You kill the orc!
Your Fighting skill increases to level 4!
You closely miss the orc.
The orc is severely wounded.
The orc hits you but does no damage.
You hit the orc.
The orc is almost dead.
You feel yourself slow down.
The orc priest mumbles some strange prayers to Beogh against you.
Beogh smites you!
You die...

.o.#############
##.....oo......#
.#############.# ..# #.#
...###########.#
...#...........#
...#...........#####
..##.#.....###.#...###
.###.#.###.###.#@#.#.#####
##.#.#.#.....o.o...#<#...####
#..#.#...#...#..#..#.#......#
#..#............#..#.#...##.#
#........#...#..#..#......#.#
(.....).......>...........#.#
.###.##.#.####....#.......#.#
.# #.##.#.................#.#
.# #.##.######............#.#


You could see an orc priest and an orc.

Vanquished Creatures
  Terence (D:2)
  3 adders (D:3)
  3 worms (D:3)
  4 dart slugs
  3 orcs (D:3)
  7 endoplasms
  7 giant cockroaches
  3 goblins
  3 hobgoblins
  5 jackals
  4 kobolds (D:3)
  8 ball pythons
  4 bats
  3 frilled lizards
  6 rats
64 creatures vanquished.

Notes
Turn   | Place    | Note
-------+----------+-------------------------------------------
     0 | D:1      | leviel the Gargoyle Monk began the quest for the Orb.
     0 | D:1      | Reached XP level 1. HP: 14/14 MP: 1/1
   348 | D:1      | Found Assub's Antique Armour Shoppe.
   398 | D:1      | Reached XP level 2. HP: 7/19 MP: 2/2
  1377 | D:2      | Reached XP level 3. HP: 24/24 MP: 3/3
  2276 | D:2      | Found a white marble altar of Elyvilon.
  2343 | D:2      | Noticed Terence
  2428 | D:2      | Killed Terence
  2429 | D:2      | Reached XP level 4. HP: 19/29 MP: 4/4
  2928 | D:3      | Reached skill level 1 in Armour
  3344 | D:3      | Reached XP level 5. HP: 25/33 MP: 5/5
  3537 | D:3      | Found an ornate altar of the Wu Jian Council.
  3860 | D:3      | Found a glowing silver altar of Zin.
  3875 | D:3      | HP: 1/33 [orc/+0 mace (1)]
  3917 | D:3      | Reached skill level 4 in Fighting
  3918 | D:3      | Killed from afar by an orc priest

Illustrated notes

Levels and vault maps discovered:
D:1:      lightli_arrival_noodles, layout_basic, serial_shops, shop,
          wad_floor_pattern_untrapped
D:2:      layout_basic, elyvilon_altar_1, uniq_terence
D:3:      kb_forest_paths, layout_basic, nicolae_overflow_hidden_temple,
          lemuel_round_altar, minmay_ruptured

Skill      XL: |  1  2  3  4  5 |
---------------+----------------+-----
Long Blades    | 3 |  3.8
Armour         | 1 |  1.6
Dodging        | 3 |  3.0
Fighting       | 4 |  4.0
Stealth        | |  2.7
Shields        | |  0.4

Action                   |  1- 3 |  4- 6 || total
-------------------------+-------+-------++-------
Melee: Falchion          |   162 |   116 ||   278
  Use: Potion            |     2 |     5 ||     7
       Scroll            |     2 |       ||     2
 Stab: Sleeping          |     4 |       ||     4
Armor: Robe              |    37 |       ||    37
       Leather armour    |    20 |       ||    20
       Scale mail        |       |    75 ||    75
Dodge: Dodged            |   120 |    66 ||   186
Block: Buckler           |     8 |    19 ||    27
       Rpst.: Falchion   |    36 |    25 ||    61

Table legend: (Time is in decaauts)
 A = Elapsed time spent in this place.
 B = Non-inter-level travel time spent in this place.
 C = Inter-level travel time spent in this place.
 D = Time resting spent in this place.
 E = Time spent auto-exploring this place.
 F = Levels seen in this place.
 G = Mean time per level.
                   A        B        C        D        E       F      G
               +--------+--------+--------+--------+--------+-----+--------+
         Total |   3938 |   3856 |     82 |    669 |   2535 |   3 | 1312.7 |
       Dungeon |   3938 |   3856 |     82 |    669 |   2535 |   3 | 1312.7 |
               +--------+--------+--------+--------+--------+-----+--------+

Top non-repeatable levels by time:
     D:2: 1519 daAuts
     D:1: 1234 daAuts
     D:3: 1184 daAuts
